 Dungeon Crawl Stone Soup version 0.28-a0-1235-g7c8fac35f0 (webtiles) character file.

Game seed: 15591541887526450486

171 r3xj the Covered (level 5, 0/48 HPs)
             Began as a Minotaur Fighter on Dec 24, 2021.
             Succumbed to a scorpion's poison
             ... on level 5 of the Dungeon.
             The game lasted 00:04:04 (1624 turns).

r3xj the Covered (Minotaur Fighter)                 Turns: 1624, Time: 00:04:05

Health: 0/48       AC:  7    Str: 23    XL:     5   Next: 26%
Magic:  4/4        EV:  9    Int:  5    God:
Gold:   89         SH:  4    Dex:  9    Spells: 4/4 levels left

rFire   . . .      SeeInvis .   a - +0 war axe
rCold   . . .      Faith    .   c - +0 buckler
rNeg    . . .      Spirit   .   b - +0 scale mail
rPois   .          Reflect  .   (helmet restricted)
rElec   .          Harm     .   (no cloak)
rCorr   .          Rampage  .   (no gloves)
Will    .....                   (no boots)
Stlth   ..........              (no amulet)
HPRegen 0.16/turn               (no ring)
MPRegen 0.09/turn               (no ring)

@: mighty, lethally poisoned (0 -> -2)
A: horns 2, retaliatory headbutt
a: no special abilities


You were on level 5 of the Dungeon.
You visited 1 branch of the dungeon, and saw 4 of its levels.

You collected 89 gold pieces.

Inventory:

Hand Weapons
 a - a +0 war axe (weapon)
Armour
 b - a +0 scale mail (worn)
 c - a +0 buckler (worn)
Jewellery
 o - an amulet of magic regeneration
 p - a ring of protection from cold
 q - a ring of ice
Scrolls
 f - 3 scrolls of teleportation {unknown}
 g - a scroll of enchant weapon {unknown}
 h - a scroll of fog {unknown}
 j - a scroll of brand weapon {unknown}
 m - 2 scrolls of vulnerability {unknown}
 n - a scroll of blinking {unknown}
Potions
 d - a potion of might
 e - a potion of attraction {unknown}
 i - a potion of cancellation {unknown}
 k - a potion of lignification {unknown}
 l - a potion of curing {unknown}


   Skills:
 + Level 5.0 Fighting
 + Level 4.2 Axes
 + Level 5.0 Armour
 - Level 4.0 Shields


You had 4 spell levels left.
You didn't know any spells.
Your spell library was empty.

Dungeon Overview and Level Annotations

Branches:
Dungeon (3/15)

Altars:

Annotations:
D:5 Ijyb


Innate Abilities, Weirdness & Mutations

You have a pair of horns on your head.
You reflexively headbutt those who attack you in melee.


Message History

Ijyb zaps a wand.
The mass of ice explodes!
The iceblast engulfs you!
* * * LOW HITPOINT WARNING * * *
A scorpion comes into view.
The scorpion stings you but does no damage.
Sorry, you're not good enough to have a special ability.
You feel very mighty all of a sudden. The scorpion closely misses you.
You furiously retaliate!
You headbutt the scorpion! You barely miss the scorpion.
Your headbutt misses the scorpion.
The scorpion is moderately wounded.
The scorpion stings you but does no damage.
The scorpion stings you.
* * * LOW HITPOINT WARNING * * *
You are lethally poisoned!
The scorpion poisons you!
You slash the scorpion! You headbutt the scorpion.
You kill the scorpion!
* * * LOW HITPOINT WARNING * * *
You feel very sick.
An orc comes into view. It is wielding a +0 mace.
Your Fighting skill increases to level 5!
Your Axes skill increases to level 4!
Your Armour skill increases to level 5!
You have reached level 5!
You closely miss Ijyb. You barely miss the orc.
* * * LOW HITPOINT WARNING * * *
You feel sick. Ijyb hits you but does no damage. The orc barely misses you.
Ijyb hits you but does no damage.
You closely miss Ijyb. You closely miss the orc.
* * * LOW HITPOINT WARNING * * *
You feel sick. The orc completely misses you. Ijyb hits you but does no damage.
You slash Ijyb! You headbutt Ijyb, but do no damage.
Ijyb is heavily wounded.
You closely miss the orc.
* * * LOW HITPOINT WARNING * * *
You feel sick. The orc hits you but does no damage. Ijyb completely misses you.
The orc barely misses you.
You closely miss Ijyb.
Ijyb is heavily wounded.
You barely miss the orc.
You die...

#..####.#.# #..o......#
......#........
#######........ #
######oO.....? .. #.
#...........>. ...#.#
#.####........
......#######O# #........
.......og@.##.####.......$
.....#o##o##.O.$......$..
..# #.##O##.o...........
#.##o###.##.######.#
#g##.# #≈# # #.##.# #.#
#o##.# #.# ##.##.###.##
#...#.##...#...


You could see an ogre, Ijyb and 4 orcs.

Vanquished Creatures
  A scorpion (D:5)
  A hound skeleton (D:5)
  3 adders
  2 dart slugs (D:2)
  4 endoplasms
  3 giant cockroaches
  6 goblins
  8 hobgoblins (D:1)
  4 jackals (D:3)
  7 kobolds
  3 quokkas
  6 ball pythons
  6 bats
  A frilled lizard (D:2)
  7 rats
62 creatures vanquished.

Vanquished Creatures (others)
  A sky beast (D:5)
1 creature vanquished.

Grand Total: 63 creatures vanquished

Notes
Turn   | Place    | Note
-------+----------+-------------------------------------------
     0 | D:1      | r3xj the Minotaur Fighter began the quest for the Orb.
     0 | D:1      | Reached XP level 1. HP: 19/19 MP: 0/0
   191 | D:1      | Found a faded altar of an unknown god.
   289 | D:1      | Reached XP level 2. HP: 27/27 MP: 1/1
   535 | D:1      | Reached XP level 3. HP: 33/33 MP: 2/2
  1273 | D:3      | Reached XP level 4. HP: 41/41 MP: 3/3
  1532 | D:3      | You fall into a shaft and drop 2 floors!
  1532 | D:5      | Entered Level 5 of the Dungeon
  1538 | D:5      | Noticed an ogre
  1585 | D:5      | Noticed a sky beast
  1605 | D:5      | Noticed Ijyb
  1607 | D:5      | Killed a sky beast
  1614 | D:5      | Noticed a scorpion
  1620 | D:5      | Killed a scorpion
  1621 | D:5      | Reached skill level 5 in Fighting
  1621 | D:5      | Reached skill level 5 in Armour
  1621 | D:5      | Reached XP level 5. HP: 4/48 MP: 4/4
  1622 | D:5      | HP: 2/48 [poisoned by a scorpion]
  1624 | D:5      | Succumbed to a scorpion's poison

Illustrated notes

Levels and vault maps discovered:
D:1:      roderic_dead_forest, layout_basic, ebering_ecumenical_altar_webs,
          hex_medium
D:2:      layout_rooms
D:3:      layout_loops_ring, chequers_temple_overflow_statue_of_worship,
          dk_noncrumbling_4
D:5:      layout_loops_ring, uniq_ijyb

Skill      XL: |  1  2  3  4 |
---------------+-------------+-----
Armour         | 4 5 |  5.0
Shields        | 4 |  4.0
Fighting       | 4 5 |  5.0
Axes           | 3 4 |  4.2

Action                   |  1- 3 |  4- 6 || total
-------------------------+-------+-------++-------
Melee: War axe           |    90 |    31 ||   121
       Headbutt          |    13 |     4 ||    17
  Use: Potion            |       |     1 ||     1
Armor: Scale mail        |    47 |    23 ||    70
Dodge: Dodged            |    45 |    20 ||    65
Block: Buckler           |    21 |    10 ||    31

Table legend: (Time is in decaauts)
 A = Elapsed time spent in this place.
 B = Non-inter-level travel time spent in this place.
 C = Inter-level travel time spent in this place.
 D = Time resting spent in this place.
 E = Time spent auto-exploring this place.
 F = Levels seen in this place.
 G = Mean time per level.
                   A        B        C        D        E       F      G
               +--------+--------+--------+--------+--------+-----+--------+
         Total |   1664 |   1623 |     41 |      0 |   1226 |   4 |  416.0 |
       Dungeon |   1664 |   1623 |     41 |      0 |   1226 |   4 |  416.0 |
               +--------+--------+--------+--------+--------+-----+--------+

Top non-repeatable levels by time:
     D:1: 848 daAuts
     D:2: 439 daAuts
     D:3: 281 daAuts
     D:5: 94 daAuts
